 Dungeon Crawl Stone Soup version 0.20.1-1-g8b1a95d (webtiles) character file.

812 gungr the Changer (level 7, -2/43 HPs)
             Began as an Octopode Transmuter on Oct 29, 2017.
             Was a Follower of Okawaru.
             Slain by an orc warrior
             ... wielding a +0 flail
              (9 damage)
             ... on level 5 of the Dungeon.
             The game lasted 00:15:21 (5999 turns).

gungr the Changer (Octopode Transmuter)             Turns: 5999, Time: 00:15:21

Health: -2/43      AC:  2    Str: 12    XL:     7   Next: 93%
Magic:  2/10       EV: 23    Int: 17    God:    Okawaru [*.....]
Gold:   295        SH:  0    Dex: 17    Spells: 4/10 levels left

rFire    . . .     SeeInvis .     - Unarmed
rCold    + . .     Gourm    .   (shield currently unavailable)
rNeg     . . .     Faith    .   (helmet currently unavailable)
rPois    x         Spirit   .   (no amulet)
rElec    .         Reflect  .   j - ring of protection from cold
rCorr    .         Harm     .   a - +2 ring of strength
MR       .....                  (no ring)
Stlth    ++........             (no ring)
Regen    0.2/turn               (no ring)
MPRegen  0.2/turn               (no ring)
                                (no ring)
                                (no ring)

@: spider-form
A: almost no armour, stealthy swim, (amphibious), 8 rings, (constrict 8)
a: End Transformation, Heroism, Renounce Religion


You were on level 5 of the Dungeon.
You worshipped Okawaru.
Okawaru was aware of your devotion.
You were hungry.
You were a venomous arachnid creature.
You visited 1 branch of the dungeon, and saw 5 of its levels.

You collected 295 gold pieces.

Inventory:

Missiles
 r - 12 arrows
Armour
 v - a +2 hat (melded)
Jewellery
 a - a +2 ring of strength (right front leg)
 j - a ring of protection from cold (left front leg)
Wands
 q - a wand of paralysis (7/24)
Scrolls
 c - a scroll of fog {unknown}
 e - 5 scrolls of teleportation
 k - 2 scrolls of remove curse
 p - 4 scrolls of blinking
 t - a scroll of noise {unknown}
Potions
 d - a potion of heal wounds {unknown}
 f - a potion of lignification {unknown}
 i - 2 potions of agility
 l - 2 potions of resistance {unknown}
 n - a potion of invisibility {unknown}
 o - 2 potions of degeneration {unknown}
 s - 2 potions of flight {unknown}
 u - a potion of brilliance {unknown}
Books
 b - a book of Changes

   Spells                             Type                      Level
   a - Beastly Appendage              Transmutation                1
   b - Sticks to Snakes               Transmutation                2
   c - Spider Form                    Transmutation/Poison         3
   d - Ice Form                       Ice/Transmutation            4
   e - Blade Hands                    Transmutation                5
Comestibles
 g - 2 meat rations
 h - a royal jelly
 m - 2 bread rations


   Skills:
 - Level 1.0 Fighting
 + Level 4.7 Dodging
 - Level 5.0 Unarmed Combat
 - Level 2.0 Spellcasting
 * Level 6.4 Transmutations


You had 4 spell levels left.
You knew the following spells:

 Your Spells              Type           Power        Failure   Level  Hunger
a - Beastly Appendage     Tmut           ###...       6%          1    #......
b - Sticks to Snakes      Tmut           ###.....     8%          2    ###....
c - Spider Form           Tmut/Pois      ##........   34%         3    ###....


Dungeon Overview and Level Annotations

Branches:
Dungeon (5/15)             Temple (0/1) D:4

Altars:
Cheibriados
Makhleb
Nemelex Xobeh
Okawaru


Innate Abilities, Weirdness & Mutations

You cannot wear most types of armour.
You are very stealthy in the water. (Stealth+)
((You are amphibious.))
You can wear up to eight rings at the same time.
((You can use your tentacles to constrict eight enemies at once.))
((Your skin changes colour to match your surroundings (Stealth+).))
((Your rubbery body absorbs attacks. (AC +1, EV +1)))


Message History

Your ball python bites the orc warrior.
Your ball python grabs the orc warrior.
Your ball python constricts the orc warrior.
The orc throws a tomahawk.
The tomahawk hits you.
You hit the orc warrior but do no damage.
The orc warrior is moderately wounded.
The orc warrior hits you with a flail.
Your ball python bites the orc warrior but does no damage.
Your ball python constricts the orc warrior.
The orc throws a tomahawk.
The tomahawk misses you.
You hit the orc warrior but do no damage.
The orc warrior is moderately wounded.
Your ball python bites the orc warrior but does no damage.
Your ball python constricts the orc warrior.
The orc warrior hits you with a flail!
* * * LOW HITPOINT WARNING * * *
You swap places.
Your ball python bites the orc warrior but does no damage.
Your ball python constricts the orc warrior.
The orc warrior hits you with a flail!
You die...

####### ).....#
#####.# #####.###
........#############
#####..........SsS..#
##
##..##########o#o.#
.# #...##.. #os# .#
.# #...#.# ...## #
.###...8# ....#
.......## #(..#
..##.รท.# #...
#.....(# #...
..##.#s# #.#.


You could see an orc warrior, a scorpion, an orc and 2 friendly ball pythons.

Vanquished Creatures
  Eustachio (D:5)
  An ogre (D:4)
  A centaur (D:5)
  A bullfrog (D:4)
  A howler monkey (D:4)
  A bullfrog zombie (D:5)
  An orc priest (D:5)
  4 hounds
  A centaur skeleton (D:5)
  An iguana (D:4)
  3 worker ants
  An adder (D:4)
  An adder skeleton (D:4)
  2 worms
  A dart slug (D:2)
  3 leopard geckos (D:5)
  7 orcs
  2 ball pythons (D:3)
  A giant cockroach (D:2)
  2 goblins
  10 hobgoblins
  13 jackals
  9 bats
  6 frilled lizards
  A giant cockroach zombie (D:5)
  8 kobolds
  4 rats
87 creatures vanquished.

Vanquished Creatures (collateral kills)
  3 adders
  4 orcs
  A quokka (D:2)
  A kobold (D:3)
9 creatures vanquished.

Grand Total: 96 creatures vanquished

Notes
Turn   | Place    | Note
-------+----------+-------------------------------------------
     0 | D:1      | gungr the Octopode Transmuter began the quest for the Orb.
     0 | D:1      | Reached XP level 1. HP: 13/13 MP: 3/3
   431 | D:1      | Reached XP level 2. HP: 16/18 MP: 5/5
   623 | D:1      | Learned a level 2 spell: Sticks to Snakes
  1083 | D:2      | Reached XP level 3. HP: 17/23 MP: 1/6
  1680 | D:2      | Found a burning altar of Makhleb.
  1686 | D:2      | Reached XP level 4. HP: 14/28 MP: 7/7
  1881 | D:2      | Reached skill level 5 in Unarmed Combat
  2317 | D:2      | Found an iron altar of Okawaru.
  2320 | D:2      | Became a worshipper of Warmaster Okawaru
  2398 | D:2      | Noticed a phantom
  2879 | D:3      | Reached XP level 5. HP: 23/33 MP: 6/8
  2973 | D:3      | Learned a level 3 spell: Spider Form
  3315 | D:4      | Found a staircase to the Ecumenical Temple.
  3360 | D:4      | Reached skill level 3 in Transmutations
  3693 | D:4      | Found a snail-covered altar of Cheibriados.
  4008 | D:4      | Reached XP level 6. HP: 38/38 MP: 7/9
  4064 | D:4      | Found a sparkling altar of Nemelex Xobeh.
  4164 | D:4      | Reached skill level 4 in Transmutations
  4478 | D:4      | Reached * piety under Okawaru
  4784 | D:5      | Entered Level 5 of the Dungeon
  5142 | D:5      | Reached skill level 5 in Transmutations
  5142 | D:5      | Reached XP level 7. HP: 39/43 MP: 3/10
  5207 | D:5      | Noticed Eustachio
  5274 | D:5      | Killed Eustachio
  5501 | D:5      | Reached skill level 6 in Transmutations
  5999 | D:5      | Slain by an orc warrior

Skill      XL: |  1  2  3  4  5  6  7 |
---------------+----------------------+-----
Unarmed Combat | 4 5 |  5.0
Transmutations | 3 5 6 |  6.4
Dodging        | 3 4 |  4.7
Fighting       | |  1.0
Spellcasting   | |  2.0

Action                   |  1- 3 |  4- 6 |  7- 9 || total
-------------------------+-------+-------+-------++-------
Melee: Unarmed           |    59 |   130 |    64 ||   253
       Constrict         |    16 |    30 |    10 ||    56
       Tentacles         |     9 |    20 |     7 ||    36
       Kick              |     3 |    12 |    13 ||    28
       Punch             |       |     5 |     2 ||     7
 Cast: Sticks to Snakes  |     5 |    17 |     8 ||    30
       Beastly Appendage |     2 |    11 |     6 ||    19
       Spider Form       |       |     1 |     3 ||     4
  Use: Scroll            |       |     8 |       ||     8
       Potion            |       |     1 |       ||     1
 Stab: Sleeping          |     5 |     4 |       ||     9
  Eat: Bread ration      |     1 |     2 |       ||     3
       Meat ration       |       |     1 |       ||     1
Armor: Skin              |     8 |    20 |     2 ||    30
Dodge: Dodged            |    42 |    88 |    38 ||   168
